 Dungeon Crawl Stone Soup version 0.20.0-15-g7f486f2 (webtiles) character file.

815 Naow the Spear-Bearer (level 7, 0/51 HPs)
             Began as a Merfolk Skald on June 10, 2017.
             Succumbed to a kobold's poison
             ... on level 3 of the Dungeon.
             The game lasted 00:09:14 (4980 turns).

Naow the Spear-Bearer (Merfolk Skald)               Turns: 4980, Time: 00:09:15

Health: 0/51       AC:  5    Str: 13    XL:     7   Next: 94%
Magic:  8/10       EV: 13    Int: 13    God:
Gold:   221        SH:  0    Dex: 13    Spells: 7/10 levels left

rFire    . . .     SeeInvis +   u - +1 scythe (freeze)
rCold    . . .     Gourm    .   (shield currently unavailable)
rNeg     . . .     Faith    .   b - +0 leather armour
rPois    .         Spirit   .   (no helmet)
rElec    .         Reflect  .   (no cloak)
rCorr    .         Harm     .   j - +1 pair of gloves
MR       .....                  (no boots)
Stlth    +.........             (no amulet)
Regen    0.2/turn               e - ring of see invisible
MPRegen  0.2/turn               (no ring)

@: lethally poisoned (0 -> -37), infused (expiring)
A: change form in water, swift swim, stealthy swim
a: no special abilities


You were on level 3 of the Dungeon.
You were hungry.

You visited 1 branch of the dungeon, and saw 4 of its levels.

You collected 221 gold pieces.

Inventory:

Hand Weapons
 a - a +0 spear
 u - a +1 scythe of freezing (weapon)
 v - a +0 trident
Armour
 b - a +0 leather armour (worn)
 j - a +1 pair of gloves (worn)
Jewellery
 e - a ring of see invisible (left hand)
 w - an uncursed ring of fire {unknown}
Scrolls
 f - a scroll of fog
 g - 2 scrolls of teleportation
 l - 2 scrolls of identify
 m - a scroll of magic mapping {unknown}
 r - 2 scrolls of remove curse {unknown}
 t - a scroll of blinking {unknown}
Potions
 h - a potion of ambrosia
 n - a potion of resistance
 o - a potion of mutation {unknown}
 p - a potion of brilliance
 q - a potion of degeneration {unknown}
 s - a potion of cancellation {unknown}
 x - a potion of flight {unknown}
Books
 c - a book of Battle

   Spells                             Type                      Level
   a - Infusion                       Charms                       1
   b - Shroud of Golubria             Charms/Translocation         2
   c - Song of Slaying                Charms                       2
   d - Spectral Weapon                Hexes/Charms                 3
   e - Regeneration                   Charms/Necromancy            3
Comestibles
 d - 4 bread rations
 i - 2 royal jellies
 k - 2 meat rations


   Skills:
 + Level 2.9 Fighting
 * Level 9.9 Polearms
 - Level 0.6 Armour
 + Level 3.6 Dodging
 - Level 2.0 Spellcasting
 - Level 6.1 Charms


You had 7 spell levels left.
You knew the following spells:

 Your Spells              Type           Power        Failure   Level  Hunger
a - Infusion              Chrm           ###.         2%          1    ##.....
b - Song of Slaying       Chrm           ###.....     4%          2    ###....


Dungeon Overview and Level Annotations

Branches:
Dungeon (4/15)
 Temple: D:4-7

Altars:
Ru

Shops:
D:4 [


Message History

You slash the kobold! You freeze the kobold.
You kill the kobold!
You feel very sick. The kobold closely misses you.
You barely miss the kobold.
Your magical infusion is running out.
* * * LOW HITPOINT WARNING * * *
You feel sick.
The kobold hits you with a short sword of venom.
* * * LOW HITPOINT WARNING * * *
You are more poisoned.
The kobold completely misses you.
You closely miss the kobold.
* * * LOW HITPOINT WARNING * * *
You feel very sick.
The kobold hits you with a short sword of venom.
* * * LOW HITPOINT WARNING * * *
You are more poisoned.
You barely miss the kobold.
You die...

#............
#..........##
##.........#
#..###'#### #..###.#
########...##.#
######.............#
......†............#
......)@..%........#
......K............#
...................#
####...............#
#...######+###..#
..... #.....>#
...... ########
......


You could see a kobold.

Vanquished Creatures
  The ghost of loom the Vexing, an amateur FoAM (D:3)
  Sigmund (D:2)
  A phantom (D:4)
  An ogre (D:4)
  2 orc priests
  A bullfrog skeleton (D:4)
  An orc wizard (D:3)
  A worker ant (D:4)
  Terence (D:2)
  7 adders
  2 dart slugs (D:2)
  3 leopard geckos
  7 orcs
  3 giant cockroaches
  8 goblins
  9 hobgoblins
  3 jackals (D:2)
  A ball python (D:3)
  7 bats
  2 frilled lizards (D:1)
  7 kobolds
  5 rats
74 creatures vanquished.

Notes
Turn   | Place    | Note
-------+----------+-------------------------------------------
     0 | D:1      | Naow the Merfolk Skald began the quest for the Orb.
     0 | D:1      | Reached XP level 1. HP: 16/16 MP: 3/3
   179 | D:1      | Reached skill level 4 in Polearms
   179 | D:1      | Reached XP level 2. HP: 22/22 MP: 5/5
   854 | D:2      | Reached skill level 5 in Polearms
   854 | D:2      | Reached XP level 3. HP: 20/27 MP: 1/6
  1550 | D:2      | Learned a level 2 spell: Song of Slaying
  1614 | D:2      | Reached skill level 6 in Polearms
  1625 | D:2      | Reached XP level 4. HP: 30/33 MP: 2/7
  1704 | D:2      | Noticed Sigmund
  1713 | D:2      | HP: 1/33 [Sigmund/scythe of freezing (1)]
  1739 | D:2      | Killed Sigmund
  1739 | D:2      | Reached skill level 7 in Polearms
  1739 | D:2      | Reached XP level 5. HP: 6/38 MP: 0/8
  2089 | D:2      | Noticed Terence
  2106 | D:2      | Killed Terence
  2106 | D:2      | Reached XP level 6. HP: 33/44 MP: 0/9
  2343 | D:3      | Reached skill level 5 in Charms
  2351 | D:3      | Noticed loom's ghost (amateur FoAM)
  2828 | D:4      | Found a sacrificial altar of Ru.
  2920 | D:4      | Reached skill level 8 in Polearms
  3369 | D:4      | Noticed a phantom
  3406 | D:4      | Killed a phantom
  3406 | D:4      | Reached XP level 7. HP: 40/50 MP: 1/10
  3480 | D:4      | Found Wait Nybb's Armour Shoppe.
  3789 | D:4      | Reached skill level 9 in Polearms
  4840 | D:3      | Killed loom's ghost
  4980 | D:3      | Succumbed to a kobold's poison

Skill      XL: |  1  2  3  4  5  6  7 |
---------------+----------------------+-----
Polearms       | 4 5 6 7 8 9 |  9.9
Charms         | 4 5 6 |  6.1
Dodging        | 3 |  3.6
Fighting       | |  2.9
Armour         | |  0.6
Spellcasting   | |  2.0

Action                   |  1- 3 |  4- 6 |  7- 9 || total
-------------------------+-------+-------+-------++-------
Melee: Spear             |   176 |   149 |    47 ||   372
       Scythe            |       |       |    41 ||    41
 Cast: Infusion          |     6 |     9 |     5 ||    20
       Song of Slaying   |       |     3 |       ||     3
  Use: Scroll            |       |     5 |       ||     5
       Potion            |       |     3 |       ||     3
 Stab: Sleeping          |     1 |       |       ||     1
  Eat: Chunk             |     3 |     4 |     1 ||     8
       Meat ration       |       |       |     1 ||     1
Armor: Leather armour    |    35 |    20 |    15 ||    70
       Skin              |       |    14 |       ||    14
Dodge: Dodged            |    77 |    51 |    71 ||   199
